AoeStats
← 恆浪蕩

MegaRandom

508250497Analyzed
4v4 RM · 12d ago on Sep 21, 2026· 30m 54s· 8 players
Game mode
Random Map
Map size
Large (8 player)
Population
200
Speed
Normal
Resources
Standard
Victory
Conquest
Starting age
Dark Age
Ending age
Imperial Age
RankedLock teamsTeams togetherTeam positionsShared explorationLock speedFull tech treeHidden civsTurbo modeCheats
Victory
Defeat
🇩🇪 Turks · Germany
1683
+13
1677
+14
🇧🇪 Wei · Belgium
1657
+14
🇨🇳 Malians · China
1646
+15
🇦🇷 Teutons · Argentina
1692
-16
🇭🇰 Maya · Hong Kong SAR China
1610
-14
🇹🇼 Bulgarians · Taiwan
1597
-13
🇹🇼 Italians · Taiwan
1593
-13
十大地方
9:40 Feudal Age
9:35 Loom
10:15 Double-Bit Axe
14:11 Loom
15:59 Fletching
17:17 Padded Archer Armor
18:23 Wheelbarrow
23:33 Castle Age
21:33 Horse Collar
22:44 Gold Mining
23:43 Crossbowman
24:22 Bodkin Arrow
26:42 Town Watch
27:55 Bow Saw
28:42 Ballistics
30:01 Town Patrol
30:20 Hand Cart
Explora
8:10 Loom
11:38 Feudal Age
16:04 Castle Age
14:54 Double-Bit Axe
17:02 Bow Saw
18:29 Scale Barding Armor
18:06 Horse Collar
19:01 Heavy Plow
21:29 Fishing Lines
22:04 Town Watch
25:15 Wheelbarrow
24:36 Gold Mining
25:35 Gillnets
27:29 Chain Barding Armor
27:48 Stone Mining
29:04 Hand Cart
30:03 Gold Shaft Mining
30:28 Forging
31:36 Medium Warships
JINX
7:59 Loom
10:50 Feudal Age
11:34 Double-Bit Axe
13:12 Horse Collar
13:40 Fishing Lines
14:51 Forging
16:50 Scale Barding Armor
22:59 Castle Age
22:13 Bloodlines
21:55 Gold Mining
23:16 Wheelbarrow
23:01 Stone Mining
24:46 Chain Barding Armor
26:40 Iron Casting
26:40 Husbandry
26:53 Gillnets
29:59 Gold Shaft Mining
29:39 Bow Saw
31:55 Gold Shaft Mining
少操无用心 多操爱的人
6:12 Loom
9:34 Feudal Age
10:29 Double-Bit Axe
14:30 Fletching
17:17 Town Watch
17:52 Padded Archer Armor
21:54 Castle Age
20:23 Horse Collar
22:37 Wheelbarrow
22:03 Crossbowman
22:39 Bodkin Arrow
24:10 Ballistics
25:24 Chemistry
30:20 Leather Archer Armor
30:21 Hand Cart
30:31 Bow Saw
31:37 Fervor
羅鈸棒
6:52 Loom
9:19 Feudal Age
10:06 Double-Bit Axe
11:28 Horse Collar
13:01 Loom
16:18 Forging
20:06 Scale Barding Armor
24:03 Castle Age
24:08 Bloodlines
25:08 Chain Barding Armor
Sean
0:26 Loom
10:41 Feudal Age
13:24 Fletching
25:27 Castle Age
23:52 Double-Bit Axe
24:34 Town Watch
25:27 Horse Collar
25:32 Crossbowman
26:31 Bodkin Arrow
恆浪蕩
9:34 Loom
11:54 Feudal Age
12:41 Double-Bit Axe
15:44 Castle Age
15:29 Horse Collar
16:04 Bloodlines
19:22 Scale Barding Armor
23:24 Wheelbarrow
24:23 Husbandry
25:07 Forging
26:50 Chain Barding Armor
27:28 Gold Mining
31:08 Iron Casting
默默默默默
9:00 Loom
11:27 Feudal Age
12:13 Double-Bit Axe
15:18 Fletching
18:19 Padded Archer Armor
23:49 Castle Age
25:33 Bodkin Arrow
29:10 Bow Saw
30:03 Medium Warships
Connection lost

Rejoining the realm…

Still unreachable

The connection could not be restored.

Session expired

The server has moved on; the page needs a fresh start.